 Dungeon Crawl Stone Soup version 0.21-a0-72-gbbb65ab (webtiles) character file.

0 Ijustatesigmund the Charlatan (level 1, -4/13 HPs)
             Began as an Octopode Artificer on June 20, 2017.
             Slain by a leopard gecko (5 damage)
             ... on level 1 of the Dungeon.
             The game lasted 00:00:33 (30 turns).

Ijustatesigmund the Charlatan (Octopode Artificer)    Turns: 30, Time: 00:00:34

Health: -4/13      AC:  1    Str: 11    XL:     1   Next: 0%
Magic:  3/3        EV: 13    Int: 13    God:
Gold:   0          SH:  0    Dex: 12    Spells: 0/0 levels left

rFire    + . .     SeeInvis .   a - +0 short sword
rCold    . . .     Gourm    .   (no shield)
rNeg     . . .     Faith    .   (helmet restricted)
rPois    .         Spirit   .   (no amulet)
rElec    .         Reflect  .   e - ring of protection from fire
rCorr    .         Harm     .   (no ring)
MR       .....                  (no ring)
Stlth    +++.......             (no ring)
HPRegen  0.04/turn              (no ring)
MPRegen  0.08/turn              (no ring)
                                (no ring)
                                (no ring)

@: no status effects
A: almost no armour, stealthy swim, amphibious, 8 rings, constrict 8, camouflage
1, gelatinous body 1
a: no special abilities


You were on level 1 of the Dungeon.
You were not hungry.

You visited 1 branch of the dungeon, and saw 1 of its levels.

Inventory:

Hand Weapons
 a - a +0 short sword (weapon)
Jewellery
 e - a ring of protection from fire (left tentacle)
Wands
 b - a wand of flame (15/48)
 c - a wand of enslavement (15/24)
 d - a wand of random effects (15/48)
Comestibles
 f - a bread ration


   Skills:
 * Level 1.0 Fighting
 * Level 1.0 Short Blades
 + Level 2.0 Dodging
 - Level 1.3 Stealth
 - Level 3.2 Evocations


You couldn't memorise any spells.
You didn't know any spells.

Dungeon Overview and Level Annotations

Branches:
Dungeon (1/15)

Altars:


Innate Abilities, Weirdness & Mutations

You cannot wear most types of armour.
You are very stealthy in the water. (Stealth+)
You are amphibious.
You can wear up to eight rings at the same time.
You can use your tentacles to constrict eight enemies at once.
Your skin changes colour to match your surroundings (Stealth+).
Your rubbery body absorbs attacks. (AC +1, EV +1)


Message History

You hit the leopard gecko but do no damage.
Your grab misses the leopard gecko.
The leopard gecko is severely wounded.
The leopard gecko barely misses you. The leopard gecko bites you.
* * * LOW HITPOINT WARNING * * *
You are too injured to fight recklessly!
You are too injured to fight recklessly!
You are too injured to fight recklessly!
You hit the leopard gecko. Your grab misses the leopard gecko.
The leopard gecko is almost dead.
The leopard gecko bites you.
* * * LOW HITPOINT WARNING * * *
You hit the leopard gecko but do no damage.
Your grab misses the leopard gecko.
The leopard gecko is almost dead.
The leopard gecko misses you.
You closely miss the leopard gecko. Your grab misses the leopard gecko.
The leopard gecko is almost dead.
The leopard gecko barely misses you. The leopard gecko bites you.
You die...

#.# #.# #.# # #.#
.#. ##.######...
#...........
#######..#.#########
#..........#...†...#
#.#@#####..#.§§§§≈.#
#l# #..#†§§≈≈≈O# #.#
##.#[§§Xw≈g# ...
#.#..†.[..# ...
#.######### .....
#....'''... ....[
######.#### .......
#.....# #..<..#


You could see a leopard gecko.

Vanquished Creatures (others)
  A ghoul (D:1)
  A minotaur (D:1)
  A vine stalker (D:1)
  4 trolls (D:1)
  A human (D:1)
  3 dwarves (D:1)
  An ogre (D:1)
  2 mummies (D:1)
  An orc (D:1)
  7 tentacles (D:1)
22 creatures vanquished.

Notes
Turn   | Place    | Note
-------+----------+-------------------------------------------
     0 | D:1      | Ijustatesigmund the Octopode Artificer began the quest for the Orb.
     0 | D:1      | Reached XP level 1. HP: 13/13 MP: 3/3
     2 | D:1      | Noticed a minotaur
     2 | D:1      | Noticed a human
     2 | D:1      | Noticed a vine stalker
     2 | D:1      | Noticed an ogre
     2 | D:1      | Noticed a dwarf
     2 | D:1      | Noticed a kraken
     2 | D:1      | Noticed a dwarf
     2 | D:1      | Noticed a troll
     2 | D:1      | Noticed a troll
     2 | D:1      | Noticed a ghoul
     2 | D:1      | Noticed a dwarf
     2 | D:1      | Noticed a troll
     2 | D:1      | Noticed a troll
     2 | D:1      | Killed a human
     5 | D:1      | Killed a vine stalker
     8 | D:1      | Killed a troll
     9 | D:1      | Killed a dwarf
     9 | D:1      | Killed a dwarf
    12 | D:1      | Killed a minotaur
    14 | D:1      | Killed a ghoul
    14 | D:1      | Killed a troll
    16 | D:1      | Killed a troll
    16 | D:1      | Killed a troll
    18 | D:1      | Killed a dwarf
    18 | D:1      | Killed an ogre
    30 | D:1      | Slain by a leopard gecko

Vault maps used:
D:1:      nicolae_arrival_kraken_aquarium_b

Action                   || total
-------------------------++-------
Melee: Short sword       ||     7
 Stab: Sleeping          ||     1
Dodge: Dodged            ||     4
